Selects Indian Artillery Battlegroup
Construct Section Command Post
Construct Field Infirmary
Selects Gurkha Rifles Section
Construct Platoon Command Post
Unlock Bishop Self-propelled Artillery
Selects Artillery Saturation
Bishop Self-propelled Artillery
Selects Off-map Airburst Barrage
6-pounder Anti-tank Gun Team
Bishop Self-propelled Artillery
Selects Perimeter Monitor
6-pounder Anti-tank Gun Team
6-pounder Anti-tank Gun Team
6-pounder Anti-tank Gun Team